| TOP OF THE 1ST |
|
University of Georgia Bulldogs batting - Pitching for Oregon State University Beavers : RHP Henry DePetrillo
|
|
Pitching: RHP Henry DePetrillo
|
|
|
Batting: RHB Jeff Wornick
|
0-0: Ball 1-0: Ground out 6-3 (Groundball, 6, EV 88.8 MPH)
|
|
Batting: RHB Murilo Cunha
|
0-0: Ground out U3 (Groundball, 3, EV 95.6 MPH)
|
|
Batting: RHB James Warby
|
0-0: Called Strike 0-1: Foul Ball, location: 2F 0-2: Ball 1-2: Ball 2-2: Strikes out looking
|
| Top of the 1st over - 0 runs, 0 hits, 0 errors, 0 left on base; University of Georgia 0 - Oregon State University 0 |
| BOTTOM OF THE 1ST |
|
Oregon State University Beavers batting - Pitching for University of Georgia Bulldogs : RHP Bob Vetrano
|
|
Pitching: RHP Bob Vetrano
|
|
|
Batting: RHB Martin Darrington
|
0-0: Ground out 6-3 (Groundball, 6, EV 88.8 MPH)
|
|
Batting: LHB Abdul-Hakim Jibril
|
0-0: Ground out 4-3 (Groundball, 4, EV 86.2 MPH)
|
|
Batting: RHB Willie Lopez
|
0-0: Foul Ball, location: 2F 0-1: Ground out U3 (Groundball, 34, EV 83.8 MPH)
|
| Bottom of the 1st over - 0 runs, 0 hits, 0 errors, 0 left on base; University of Georgia 0 - Oregon State University 0 |
| TOP OF THE 2ND |
|
University of Georgia Bulldogs batting - Pitching for Oregon State University Beavers : RHP Henry DePetrillo
|
|
Batting: RHB Rodolfo Solis
|
0-0: Swinging Strike 0-1: Ball 1-1: Ball 2-1: Ground out 6-3 (Groundball, 4M, EV 88.1 MPH)
|
|
Batting: LHB Cole Sanchez
|
0-0: Foul Ball, location: 2F 0-1: Called Strike 0-2: Ball 1-2: Strikes out looking
|
|
Batting: RHB Pete Goerge
|
0-0: Ball 1-0: Called Strike 1-1: Swinging Strike 1-2: Strikes out swinging
|
| Top of the 2nd over - 0 runs, 0 hits, 0 errors, 0 left on base; University of Georgia 0 - Oregon State University 0 |
| BOTTOM OF THE 2ND |
|
Oregon State University Beavers batting - Pitching for University of Georgia Bulldogs : RHP Bob Vetrano
|
|
Batting: SHB Hui Li
|
0-0: Ball 1-0: Fly out, F7 (Flyball, 7, EV 86.2 MPH)
|
|
Batting: RHB Luis Flores
|
0-0: Called Strike 0-1: Called Strike 0-2: Strikes out looking
|
|
Batting: RHB Harry Torres
|
0-0: Ground out 6-3 (Groundball, 6, EV 82.5 MPH)
|
| Bottom of the 2nd over - 0 runs, 0 hits, 0 errors, 0 left on base; University of Georgia 0 - Oregon State University 0 |
| TOP OF THE 3RD |
|
University of Georgia Bulldogs batting - Pitching for Oregon State University Beavers : RHP Henry DePetrillo
|
|
Batting: LHB Milton Yeo
|
0-0: Ball 1-0: SINGLE (Line Drive, 78S, EV 94.4 MPH)
|
|
Batting: LHB Troy Jones
|
0-0: Called Strike 0-1: Called Strike 0-2: Ball 1-2: Fly out, F7 (Flyball, 7S, EV 73.8 MPH)
|
|
Batting: RHB Xin Zhang
|
0-0: Called Strike 0-1: Ball 1-1: Fly out, F8 (Flyball, 89D, EV 73.1 MPH)
|
|
Batting: RHB Jeff Wornick
|
0-0: Ball 1-0: Ball 2-0: Foul Ball, location: 2F 2-1: Ball 3-1: Base on Balls Milton Yeo to second
|
|
Batting: RHB Murilo Cunha
|
0-0: Called Strike 0-1: Ball 1-1: Swinging Strike 1-2: Strikes out looking
|
| Top of the 3rd over - 0 runs, 1 hit, 0 errors, 2 left on base; University of Georgia 0 - Oregon State University 0 |
| BOTTOM OF THE 3RD |
|
Oregon State University Beavers batting - Pitching for University of Georgia Bulldogs : RHP Bob Vetrano
|
|
Batting: RHB Rafael Ventura
|
0-0: DOUBLE (Line Drive, 9LM, EV 96.2 MPH)
|
|
Batting: SHB Felipe Campanella
|
0-0: Foul Ball, location: 2F 0-1: Ground out U3 (Groundball, 34S, EV 62.5 MPH) Rafael Ventura to third
|
|
Batting: RHB Esteban Acuna
|
0-0: Ball 1-0: Foul Ball, location: 2F 1-1: Ball 2-1: Ball 3-1: Foul Ball, location: 2F 3-2: Strikes out looking
|
|
Batting: RHB Martin Darrington
|
0-0: Ball 1-0: Called Strike 1-1: Ball 2-1: Swinging Strike 2-2: Ball 3-2: Foul Ball, location: 2F 3-2: Foul Ball, location: 2F 3-2: Fly out, F8 (Line Drive, 8RD, EV 92.5 MPH)
|
| Bottom of the 3rd over - 0 runs, 1 hit, 0 errors, 1 left on base; University of Georgia 0 - Oregon State University 0 |
| TOP OF THE 4TH |
|
University of Georgia Bulldogs batting - Pitching for Oregon State University Beavers : RHP Henry DePetrillo
|
|
Batting: RHB James Warby
|
0-0: Swinging Strike 0-1: Foul Ball, location: 2F 0-2: Hit by Pitch
|
|
Batting: RHB Rodolfo Solis
|
0-0: Ball 1-0: Called Strike 1-1: Called Strike 1-2: Foul Ball, location: 2F 1-2: Foul Ball, location: 2F 1-2: Ball 2-2: Foul Ball, location: 2F 2-2: SINGLE (Line Drive, 9S, EV 96.9 MPH) James Warby to second
|
|
Batting: LHB Cole Sanchez
|
0-0: Fielders Choice at 2nd, 4-6 (Groundball, 4D, EV 102.5 MPH) James Warby to third
|
|
Batting: RHB Pete Goerge
|
0-0: SINGLE (Flyball, 34D, EV 85.0 MPH) James Warby scores Cole Sanchez to second
|
|
Batting: LHB Milton Yeo
|
0-0: Foul Ball, location: 2F 0-1: Ball 1-1: Foul Ball, location: 2F 1-2: Ball 2-2: Strikes out swinging
|
|
Batting: LHB Troy Jones
|
0-0: Ball 1-0: Ball 2-0: Ball 3-0: Called Strike 3-1: Foul Ball, location: 2F 3-2: Strikes out swinging
|
| Top of the 4th over - 1 run, 2 hits, 0 errors, 2 left on base; University of Georgia 1 - Oregon State University 0 |
| BOTTOM OF THE 4TH |
|
Oregon State University Beavers batting - Pitching for University of Georgia Bulldogs : RHP Bob Vetrano
|
|
Batting: LHB Abdul-Hakim Jibril
|
0-0: Ball 1-0: Ground out 4-3 (Groundball, 4, EV 100.0 MPH)
|
|
Batting: RHB Willie Lopez
|
0-0: Called Strike 0-1: Ball 1-1: Ball 2-1: Ball 3-1: Foul Ball, location: 2F 3-2: Strikes out swinging
|
|
Batting: SHB Hui Li
|
0-0: Ball 1-0: Fly out, F8 (Flyball, 8RD, EV 99.4 MPH)
|
| Bottom of the 4th over - 0 runs, 0 hits, 0 errors, 0 left on base; University of Georgia 1 - Oregon State University 0 |
| TOP OF THE 5TH |
|
University of Georgia Bulldogs batting - Pitching for Oregon State University Beavers : RHP Henry DePetrillo
|
|
Batting: RHB Xin Zhang
|
0-0: Fly out, F9 (Line Drive, 9, EV 90.6 MPH)
|
|
Batting: RHB Jeff Wornick
|
0-0: Ball 1-0: Called Strike 1-1: Foul Ball, location: 2F 1-2: Reached on error, E6 (Groundball, 6, EV 88.8 MPH)
|
|
Batting: RHB Murilo Cunha
|
0-0: Called Strike 0-1: Swinging Strike 0-2: Strikes out swinging
|
|
Batting: RHB James Warby
|
0-0: Ball Jeff Wornick steals 2nd base 1-0: Foul Ball, location: 2F 1-1: Ball 2-1: Ball 3-1: Called Strike 3-2: Foul Ball, location: 2F 3-2: Base on Balls
|
|
Pitching: RHP Mark Giroux
|
|
|
Batting: RHB Rodolfo Solis
|
0-0: Fielders Choice at 2nd, 6-4 (Groundball, 6, EV 88.8 MPH)
|
| Top of the 5th over - 0 runs, 0 hits, 1 error, 2 left on base; University of Georgia 1 - Oregon State University 0 |
| BOTTOM OF THE 5TH |
|
Oregon State University Beavers batting - Pitching for University of Georgia Bulldogs : RHP Bob Vetrano
|
|
Batting: RHB Luis Flores
|
0-0: Ground out U3 (Groundball, 34, EV 77.5 MPH)
|
|
Batting: RHB Harry Torres
|
0-0: Fly out, F6 (Line Drive, 6, EV 65.0 MPH)
|
|
Batting: RHB Rafael Ventura
|
0-0: Ball 1-0: Foul Ball, location: 2F 1-1: Ball 2-1: Ground out 4-3 (Groundball, 34, EV 86.9 MPH)
|
| Bottom of the 5th over - 0 runs, 0 hits, 0 errors, 0 left on base; University of Georgia 1 - Oregon State University 0 |
| TOP OF THE 6TH |
|
University of Georgia Bulldogs batting - Pitching for Oregon State University Beavers : RHP Mark Giroux
|
|
Batting: LHB Cole Sanchez
|
0-0: Ball 1-0: Fly out, F8 (Flyball, 78S, EV 76.2 MPH)
|
|
Batting: RHB Pete Goerge
|
0-0: Ball 1-0: Called Strike 1-1: Ball 2-1: Called Strike 2-2: Ball 3-2: Strikes out looking
|
|
Batting: LHB Milton Yeo
|
0-0: Foul Ball, location: 2F 0-1: Swinging Strike 0-2: Foul Ball, location: 2F 0-2: Strikes out swinging
|
| Top of the 6th over - 0 runs, 0 hits, 0 errors, 0 left on base; University of Georgia 1 - Oregon State University 0 |
| BOTTOM OF THE 6TH |
|
Oregon State University Beavers batting - Pitching for University of Georgia Bulldogs : RHP Bob Vetrano
|
|
Batting: SHB Felipe Campanella
|
0-0: Swinging Strike 0-1: Foul Ball, location: 2F 0-2: Foul Ball, location: 2F 0-2: Ground out U3 (Groundball, 3L, EV 80.0 MPH)
|
|
Batting: RHB Esteban Acuna
|
0-0: Ball 1-0: Ground out 5-3 (Groundball, 5, EV 106.2 MPH)
|
|
Batting: RHB Martin Darrington
|
0-0: Called Strike 0-1: Foul Ball, location: 2F 0-2: Ball 1-2: Ball 2-2: Ground out U3 (Groundball, 34, EV 81.9 MPH)
|
| Bottom of the 6th over - 0 runs, 0 hits, 0 errors, 0 left on base; University of Georgia 1 - Oregon State University 0 |
| TOP OF THE 7TH |
|
University of Georgia Bulldogs batting - Pitching for Oregon State University Beavers : RHP Mark Giroux
|
|
Batting: LHB Troy Jones
|
0-0: Ball 1-0: Ball 2-0: Foul Ball, location: 2F 2-1: Foul Ball, location: 2F 2-2: Ball 3-2: Foul Ball, location: 2F 3-2: Ground out 6-3 (Groundball, 6, EV 82.5 MPH)
|
|
Pinch Hitting: LHB Bryan Ross
|
0-0: Ground out 5-3 (Groundball, 5, EV 98.8 MPH)
|
|
Batting: RHB Jeff Wornick
|
0-0: Called Strike 0-1: Ball 1-1: Ball 2-1: Ground out 6-3 (Groundball, P, EV 83.8 MPH)
|
| Top of the 7th over - 0 runs, 0 hits, 0 errors, 0 left on base; University of Georgia 1 - Oregon State University 0 |
| BOTTOM OF THE 7TH |
|
Oregon State University Beavers batting - Pitching for University of Georgia Bulldogs : RHP Bob Vetrano
|
|
Now at 3B: Luis Mejia
|
|
|
Pinch Hitting: LHB Jason Trevarrow
|
0-0: Foul Ball, location: 2F 0-1: Called Strike 0-2: Strikes out swinging
|
|
Batting: LHB Brock Darby
|
0-0: Called Strike 0-1: Called Strike 0-2: Ball 1-2: Strikes out looking
|
|
Pinch Hitting: LHB Jon Hamilton
|
0-0: Ball 1-0: Called Strike 1-1: Ball 2-1: Called Strike 2-2: Strikes out looking
|
| Bottom of the 7th over - 0 runs, 0 hits, 0 errors, 0 left on base; University of Georgia 1 - Oregon State University 0 |
| TOP OF THE 8TH |
|
University of Georgia Bulldogs batting - Pitching for Oregon State University Beavers : RHP Mark Giroux
|
|
Now in CF: Jon Hamilton
|
|
|
Now in RF: Sun-wei Kuai
|
|
|
Batting: RHB Murilo Cunha
|
0-0: Called Strike 0-1: Swinging Strike 0-2: Strikes out looking
|
|
Batting: RHB James Warby
|
0-0: Foul Ball, location: 2F 0-1: Foul Ball, location: 2F 0-2: Ball 1-2: Ground out 6-3 (Groundball, 6, EV 103.8 MPH)
|
|
Batting: RHB Rodolfo Solis
|
0-0: Called Strike 0-1: Ball 1-1: Ball 2-1: Foul Ball, location: 2F 2-2: Strikes out swinging
|
| Top of the 8th over - 0 runs, 0 hits, 0 errors, 0 left on base; University of Georgia 1 - Oregon State University 0 |
| BOTTOM OF THE 8TH |
|
Oregon State University Beavers batting - Pitching for University of Georgia Bulldogs : RHP Bob Vetrano
|
|
Pinch Hitting: LHB Fred Bal
|
0-0: Called Strike 0-1: Foul Ball, location: 2F 0-2: Ball 1-2: Ball 2-2: Ball 3-2: Foul Ball, location: 2F 3-2: Foul Ball, location: 2F 3-2: Base on Balls
|
|
Pinch Hitting: RHB Freddie Macleod
|
0-0: Bunted foul 0-1: Bunt missed! 0-2: Ball 1-2: Foul Ball, location: 2F 1-2: Strikes out looking
|
|
Pitching: LHP Danny Montoya
|
|
|
Pinch Hitting: RHB Marco Favela
|
0-0: Called Strike 0-1: Fly out, F9 (Flyball, 9D, EV 99.4 MPH)
|
|
Pinch Hitting: RHB Omar Noyola
|
0-0: Ball 1-0: Called Strike 1-1: Ball 2-1: Fly out, F9 (Flyball, 89M, EV 80.6 MPH)
|
| Bottom of the 8th over - 0 runs, 0 hits, 0 errors, 1 left on base; University of Georgia 1 - Oregon State University 0 |
| TOP OF THE 9TH |
|
University of Georgia Bulldogs batting - Pitching for Oregon State University Beavers : RHP Mark Giroux
|
|
Now at C: Israel Soto
|
|
|
Now at 1B: Freddie Macleod
|
|
|
Now at 3B: Omar Noyola
|
|
|
Now at SS: Yasuyuki Moriyama
|
|
|
Pinch Hitting: LHB Casey Bass
|
0-0: Ball 1-0: Fly out, F8 (Line Drive, 8RD, EV 96.2 MPH)
|
|
Pinch Hitting: RHB Pat Svenson
|
0-0: Ball 1-0: Ground out 6-3 (Groundball, 6S, EV 81.2 MPH)
|
|
Batting: LHB Andy Dyer
|
0-0: Ball 1-0: Foul Ball, location: 2F 1-1: Ball 2-1: Called Strike 2-2: Ball 3-2: Strikes out swinging
|
| Top of the 9th over - 0 runs, 0 hits, 0 errors, 0 left on base; University of Georgia 1 - Oregon State University 0 |
| BOTTOM OF THE 9TH |
|
Oregon State University Beavers batting - Pitching for University of Georgia Bulldogs : LHP Danny Montoya
|
|
Now at 1B: Casey Bass
|
|
|
Now in RF: Ed Howard
|
|
|
Pinch Hitting: SHB Eric Robertson
|
0-0: Ball 1-0: Swinging Strike 1-1: Called Strike 1-2: Strikes out swinging
|
|
Pinch Hitting: SHB Sosaia Apelahama
|
0-0: SINGLE (Groundball, 56D, EV 110.6 MPH)
|
|
Pinch Hitting: RHB Kali Kartosuwiryo
|
0-0: Ball 1-0: Foul Ball, location: 2F 1-1: Foul Ball, location: 2F 1-2: Foul Ball, location: 2F 1-2: Strikes out looking
|
|
Batting: LHB Brock Darby
|
0-0: Foul Ball, location: 2F 0-1: Ball 1-1: Ball 2-1: Ball 3-1: Base on Balls Sosaia Apelahama to second
|
|
Batting: LHB Jon Hamilton
|
0-0: Ball 1-0: Ball 2-0: Ball 3-0: Base on Balls Sosaia Apelahama to third Brock Darby to second
|
|
Pinch Hitting: SHB Chris Gartner
|
0-0: Foul Ball, location: 2F 0-1: Called Strike 0-2: Ball 1-2: Ground out 4-3 (Groundball, 4S, EV 90.0 MPH)
|
| Bottom of the 9th over - 0 runs, 1 hit, 0 errors, 3 left on base; University of Georgia 1 - Oregon State University 0 |
|